[ AOE2 MATCH · #466281908 ]
Team RMSaracens vs Persians
[ REPLAY ANALYSIS · EXTRACTED FROM THE RECORDED GAME ]
Feudal
9:51
Castle
28:23
Imperial
—
| APM avg | 28.3 |
| APM peak | 62 |
| eAPM avg | 19.6 |
| Villagers / military | 106 / 72 |
Focus
⚔️ 30.3% · 🌾 69.7%
Archer ×24 · Skirmisher ×22 · Spearman ×14 · Camel Scout ×6 · Knight ×3 · Monk ×2
Feudal
9:18
Castle
20:18
Imperial
37:29
| APM avg | 51.7 |
| APM peak | 105 |
| eAPM avg | 20.0 |
| Villagers / military | 133 / 126 |
Focus
⚔️ 31.1% · 🌾 68.9%
Spearman ×57 · Knight ×29 · Scout Cavalry ×19 · Scorpion ×16 · Trebuchet (Packed) ×4 · Monk ×1
Feudal
9:41
Castle
23:36
Imperial
38:08
| APM avg | 39.3 |
| APM peak | 82 |
| eAPM avg | 18.1 |
| Villagers / military | 126 / 103 |
Focus
⚔️ 28.9% · 🌾 71.1%
Ghulam ×61 · Camel Scout ×27 · Scout Cavalry ×5 · Trebuchet (Packed) ×5 · Spearman ×4 · Monk ×1
Feudal
10:06
Castle
22:14
Imperial
43:53
| APM avg | 35.8 |
| APM peak | 104 |
| eAPM avg | 17.1 |
| Villagers / military | 128 / 76 |
Focus
⚔️ 30.9% · 🌾 69.1%
Archer ×28 · Knight ×14 · Camel Scout ×12 · Skirmisher ×10 · Militia ×7 · Monk ×3
Match map
Initial resources + every placement click. Lines = walls · curves = elevation contours. ◆ gold · ⬟ stone · ● berries · ✦ relic · ◌ wall gap
Inputs per minute
— For Ged's eyes only - - Gros_fié_des_familles
Build order — For Ged's eyes only
First 150 of 296 actions detected
| 0:01 | Create | Villager (Male) |
| 0:01 | Create | Villager (Male) |
| 0:02 | Build | House |
| 0:05 | Build | House |
| 0:14 | Create | Villager (Male) |
| 0:14 | Create | Villager (Male) |
| 1:27 | Create | Villager (Male) |
| 1:47 | Build | Lumber Camp |
| 2:08 | Create | Villager (Male) |
| 2:27 | Create | Villager (Male) |
| 2:41 | Build | House |
| 2:51 | Create | Villager (Male) |
| 3:15 | Create | Villager (Male) |
| 4:01 | Create | Villager (Male) |
| 4:01 | Create | Villager (Male) |
| 4:16 | Build | House |
| 4:49 | Build | Mill |
| 5:03 | Create | Villager (Male) |
| 5:03 | Create | Villager (Male) |
| 5:03 | Create | Villager (Male) |
| 5:31 | Create | Villager (Male) |
| 6:04 | Research | Loom |
| 6:26 | Build | Mining Camp |
| 7:16 | Create | Villager (Male) |
| 7:30 | Research | Feudal Age |
| 8:34 | Build | Barracks |
| 9:28 | Build | Mill |
| 9:34 | Build | House |
| 9:36 | Create | Villager (Male) |
| 9:51 | Age | Feudal Age |
| 10:03 | Build | Archery Range |
| 10:14 | Create | Villager (Male) |
| 10:47 | Create | Spearman |
| 10:59 | Build | Building 796 |
| 11:01 | Build | House |
| 11:06 | Build | House |
| 11:08 | Create | Archer |
| 11:08 | Create | Archer |
| 11:09 | Create | Spearman |
| 11:19 | Build | Stone Wall |
| 11:27 | Create | Archer |
| 11:34 | Build | Blacksmith |
| 12:05 | Create | Archer |
| 12:14 | Create | Archer |
| 12:15 | Create | Villager (Male) |
| 12:15 | Create | Villager (Male) |
| 12:51 | Create | Archer |
| 13:21 | Create | Villager (Male) |
| 13:33 | Create | Archer |
| 14:02 | Build | Market |
| 14:27 | Create | Spearman |
| 14:45 | Create | Archer |
| 14:53 | Create | Villager (Male) |
| 15:00 | Build | Archery Range |
| 15:08 | Build | Building 796 |
| 15:19 | Research | Fletching |
| 15:21 | Create | Archer |
| 15:23 | Create | Spearman |
| 15:59 | Create | Villager (Male) |
| 15:59 | Create | Villager (Male) |
| 16:04 | Build | Farm |
| 16:05 | Build | Farm |
| 16:05 | Build | Farm |
| 16:06 | Build | Farm |
| 16:35 | Create | Villager (Male) |
| 16:35 | Create | Villager (Male) |
| 16:44 | Build | Farm |
| 16:46 | Build | Farm |
| 16:52 | Create | Skirmisher |
| 16:52 | Create | Skirmisher |
| 17:01 | Build | Watch Tower |
| 17:20 | Create | Skirmisher |
| 17:20 | Create | Skirmisher |
| 17:51 | Build | Lumber Camp |
| 18:21 | Create | Skirmisher |
| 18:21 | Create | Archer |
| 18:22 | Create | Skirmisher |
| 18:46 | Create | Archer |
| 19:12 | Create | Skirmisher |
| 19:13 | Create | Archer |
| 19:20 | Create | Villager (Male) |
| 19:32 | Create | Villager (Male) |
| 19:32 | Create | Villager (Male) |
| 19:41 | Create | Skirmisher |
| 19:41 | Create | Skirmisher |
| 20:08 | Build | Watch Tower |
| 20:10 | Create | Skirmisher |
| 20:26 | Create | Villager (Male) |
| 20:39 | Build | House |
| 20:40 | Build | House |
| 20:48 | Create | Villager (Male) |
| 20:48 | Create | Villager (Male) |
| 21:19 | Create | Villager (Male) |
| 21:19 | Create | Villager (Male) |
| 21:23 | Create | Skirmisher |
| 21:28 | Research | Horse Collar |
| 21:37 | Create | Archer |
| 21:40 | Create | Skirmisher |
| 21:49 | Create | Villager (Male) |
| 23:09 | Build | Farm |
| 23:10 | Build | Farm |
| 23:10 | Build | Farm |
| 23:14 | Build | Mining Camp |
| 23:15 | Create | Villager (Male) |
| 23:16 | Create | Villager (Male) |
| 23:34 | Build | Farm |
| 23:52 | Build | Farm |
| 23:52 | Build | Farm |
| 24:01 | Build | Stone Wall |
| 24:11 | Research | Wheelbarrow |
| 24:43 | Build | Farm |
| 25:01 | Build | Building 490 |
| 25:03 | Build | Stone Wall |
| 25:06 | Build | House |
| 25:15 | Build | Building 490 |
| 25:43 | Research | Castle Age |
| 25:52 | Build | Stable |
| 26:07 | Create | Spearman |
| 26:55 | Create | Spearman |
| 27:22 | Create | Spearman |
| 27:36 | Create | Archer |
| 27:36 | Create | Archer |
| 27:54 | Create | Archer |
| 27:54 | Create | Archer |
| 28:03 | Build | Farm |
| 28:09 | Create | Spearman |
| 28:18 | Create | Spearman |
| 28:23 | Age | Castle Age |
| 28:52 | Create | Knight |
| 28:55 | Create | Spearman |
| 29:08 | Build | House |
| 29:14 | Create | Villager (Male) |
| 29:20 | Create | Villager (Male) |
| 29:34 | Create | Villager (Male) |
| 29:51 | Create | Camel Scout |
| 29:59 | Build | Town Center |
| 30:05 | Build | Stone Wall |
| 30:12 | Create | Villager (Male) |
| 30:25 | Create | Villager (Male) |
| 30:26 | Create | Villager (Male) |
| 30:36 | Research | Double-Bit Axe |
| 30:53 | Create | Villager (Male) |
| 31:08 | Build | Stone Wall |
| 31:14 | Create | Knight |
| 31:31 | Create | Cavalry Archer |
| 31:46 | Build | Farm |
| 32:17 | Build | Town Center |
| 32:22 | Research | Husbandry |
| 32:23 | Create | Camel Scout |
| 32:25 | Create | Skirmisher |
Build order — Gros_fié_des_familles
First 150 of 380 actions detected
| 0:01 | Create | Villager (Male) |
| 0:01 | Create | Villager (Male) |
| 0:01 | Create | Villager (Male) |
| 0:03 | Build | House |
| 0:05 | Build | House |
| 0:16 | Create | Villager (Male) |
| 1:25 | Create | Villager (Male) |
| 2:03 | Create | Villager (Male) |
| 2:09 | Build | Lumber Camp |
| 2:16 | Create | Villager (Male) |
| 2:49 | Create | Villager (Male) |
| 3:04 | Create | Villager (Male) |
| 3:44 | Create | Villager (Male) |
| 3:56 | Build | House |
| 4:04 | Create | Villager (Male) |
| 4:16 | Build | Mill |
| 4:21 | Build | House |
| 4:30 | Create | Villager (Male) |
| 4:39 | Create | Villager (Male) |
| 5:10 | Create | Villager (Male) |
| 5:27 | Create | Villager (Male) |
| 6:00 | Create | Villager (Male) |
| 6:20 | Create | Villager (Male) |
| 6:26 | Research | Loom |
| 7:08 | Research | Feudal Age |
| 8:10 | Build | Barracks |
| 8:21 | Create | Villager (Male) |
| 8:21 | Create | Villager (Male) |
| 8:45 | Build | House |
| 9:18 | Age | Feudal Age |
| 9:31 | Build | Stable |
| 9:51 | Create | Villager (Male) |
| 10:02 | Research | Double-Bit Axe |
| 10:16 | Create | Scout Cavalry |
| 10:29 | Build | Archery Range |
| 10:33 | Build | House |
| 10:34 | Create | Villager (Male) |
| 10:38 | Build | Farm |
| 10:42 | Build | Farm |
| 10:47 | Create | Scout Cavalry |
| 10:57 | Create | Villager (Male) |
| 11:00 | Build | Farm |
| 11:19 | Build | Farm |
| 11:21 | Build | Farm |
| 11:30 | Build | House |
| 11:39 | Create | Villager (Male) |
| 11:42 | Build | Farm |
| 12:10 | Create | Villager (Male) |
| 12:10 | Create | Villager (Male) |
| 12:13 | Build | Farm |
| 12:15 | Create | Spearman |
| 12:17 | Build | House |
| 12:23 | Build | Blacksmith |
| 12:28 | Create | Villager (Male) |
| 12:44 | Create | Villager (Male) |
| 12:46 | Build | Farm |
| 12:54 | Build | House |
| 12:55 | Build | House |
| 13:09 | Create | Villager (Male) |
| 13:12 | Build | Farm |
| 13:32 | Create | Villager (Male) |
| 13:36 | Build | Mining Camp |
| 13:46 | Create | Spearman |
| 14:03 | Create | Villager (Male) |
| 14:06 | Build | House |
| 14:09 | Build | House |
| 14:12 | Build | House |
| 14:14 | Build | House |
| 14:15 | Create | Villager (Male) |
| 14:22 | Build | Farm |
| 14:23 | Build | Farm |
| 14:33 | Build | House |
| 14:39 | Create | Villager (Male) |
| 14:58 | Create | Villager (Male) |
| 15:12 | Create | Villager (Male) |
| 15:35 | Build | Farm |
| 15:58 | Build | Farm |
| 16:02 | Build | Farm |
| 16:12 | Create | Villager (Male) |
| 16:22 | Create | Villager (Male) |
| 16:25 | Build | Farm |
| 16:40 | Build | Farm |
| 16:49 | Create | Villager (Male) |
| 16:54 | Build | Farm |
| 17:26 | Build | Farm |
| 17:38 | Research | Castle Age |
| 17:47 | Build | Stable |
| 18:09 | Research | Horse Collar |
| 18:46 | Create | Villager (Male) |
| 18:51 | Build | House |
| 18:56 | Research | Gold Mining |
| 19:11 | Research | Bloodlines |
| 19:56 | Build | House |
| 20:18 | Age | Castle Age |
| 20:21 | Build | Town Center |
| 20:24 | Create | Knight |
| 20:24 | Create | Knight |
| 20:24 | Create | Knight |
| 20:27 | Create | Villager (Male) |
| 20:32 | Build | Palisade Gate |
| 20:35 | Build | Palisade Wall |
| 20:36 | Create | Villager (Male) |
| 20:42 | Research | Husbandry |
| 20:47 | Research | Forging |
| 20:48 | Research | Scale Barding Armor |
| 20:49 | Create | Villager (Male) |
| 21:15 | Create | Villager (Male) |
| 21:24 | Create | Villager (Male) |
| 21:30 | Create | Villager (Male) |
| 21:34 | Build | House |
| 21:38 | Create | Villager (Male) |
| 21:42 | Create | Knight |
| 21:43 | Create | Knight |
| 21:43 | Create | Knight |
| 21:45 | Create | Villager (Male) |
| 22:09 | Create | Villager (Male) |
| 22:09 | Create | Villager (Male) |
| 22:13 | Research | Wheelbarrow |
| 22:16 | Create | Villager (Male) |
| 22:16 | Create | Villager (Male) |
| 22:20 | Build | House |
| 22:42 | Build | Farm |
| 22:43 | Create | Villager (Male) |
| 22:48 | Create | Knight |
| 22:48 | Create | Knight |
| 23:14 | Create | Villager (Male) |
| 23:17 | Build | Farm |
| 23:19 | Build | House |
| 23:22 | Create | Knight |
| 23:22 | Create | Knight |
| 23:35 | Create | Villager (Male) |
| 23:50 | Create | Villager (Male) |
| 23:52 | Create | Knight |
| 23:54 | Create | Villager (Male) |
| 24:07 | Build | Town Center |
| 24:16 | Create | Villager (Male) |
| 24:20 | Create | Knight |
| 24:20 | Create | Knight |
| 24:33 | Create | Villager (Male) |
| 24:49 | Create | Villager (Male) |
| 24:52 | Build | Farm |
| 24:56 | Build | Farm |
| 24:59 | Create | Villager (Male) |
| 25:16 | Create | Knight |
| 25:16 | Create | Knight |
| 25:16 | Create | Knight |
| 25:17 | Create | Knight |
| 25:18 | Create | Villager (Male) |
| 25:18 | Create | Villager (Male) |
| 25:29 | Create | Villager (Male) |
Build order — Tanguy la fouine
First 150 of 382 actions detected
| 0:01 | Create | Villager (Male) |
| 0:01 | Create | Villager (Male) |
| 0:01 | Create | Villager (Male) |
| 0:02 | Create | Villager (Male) |
| 0:03 | Build | House |
| 0:05 | Build | House |
| 1:23 | Create | Villager (Male) |
| 1:39 | Create | Villager (Male) |
| 1:43 | Build | Lumber Camp |
| 2:05 | Create | Villager (Male) |
| 2:24 | Create | Villager (Male) |
| 2:49 | Create | Villager (Male) |
| 3:13 | Create | Villager (Male) |
| 3:26 | Build | House |
| 3:27 | Build | House |
| 4:09 | Create | Villager (Male) |
| 4:09 | Create | Villager (Male) |
| 4:15 | Build | Mill |
| 4:36 | Create | Villager (Male) |
| 4:37 | Create | Villager (Male) |
| 5:27 | Create | Villager (Male) |
| 5:43 | Build | House |
| 5:44 | Build | Palisade Wall |
| 6:16 | Create | Villager (Male) |
| 6:21 | Create | Villager (Male) |
| 6:49 | Research | Loom |
| 7:29 | Research | Feudal Age |
| 7:44 | Build | Lumber Camp |
| 8:04 | Create | Villager (Male) |
| 8:49 | Build | Barracks |
| 8:51 | Build | Palisade Wall |
| 8:52 | Create | Villager (Male) |
| 8:52 | Create | Villager (Male) |
| 9:41 | Age | Feudal Age |
| 9:42 | Create | Villager (Male) |
| 9:52 | Build | Stable |
| 9:53 | Create | Villager (Male) |
| 9:53 | Create | Villager (Male) |
| 10:11 | Research | Double-Bit Axe |
| 10:36 | Create | Scout Cavalry |
| 10:36 | Create | Scout Cavalry |
| 10:37 | Create | Scout Cavalry |
| 10:49 | Create | Spearman |
| 10:49 | Create | Spearman |
| 10:57 | Build | House |
| 11:00 | Build | Palisade Wall |
| 11:08 | Build | House |
| 11:11 | Build | Palisade Wall |
| 11:12 | Create | Villager (Male) |
| 11:16 | Build | House |
| 11:21 | Build | Farm |
| 11:26 | Build | Farm |
| 11:41 | Create | Scout Cavalry |
| 12:01 | Build | Blacksmith |
| 12:01 | Create | Villager (Male) |
| 12:28 | Create | Villager (Male) |
| 12:33 | Build | Mining Camp |
| 12:43 | Create | Spearman |
| 13:09 | Build | Farm |
| 13:18 | Build | House |
| 13:22 | Build | House |
| 13:24 | Create | Villager (Male) |
| 13:31 | Build | House |
| 13:34 | Create | Villager (Male) |
| 13:34 | Create | Villager (Male) |
| 13:38 | Build | Farm |
| 13:40 | Build | Farm |
| 13:44 | Create | Spearman |
| 13:48 | Create | Villager (Male) |
| 13:48 | Create | Villager (Male) |
| 14:12 | Build | Farm |
| 14:16 | Build | Farm |
| 14:20 | Build | Farm |
| 14:51 | Create | Villager (Male) |
| 14:52 | Create | Villager (Male) |
| 14:55 | Build | Farm |
| 15:02 | Build | Mining Camp |
| 15:11 | Build | Farm |
| 15:19 | Build | Palisade Wall |
| 15:20 | Build | Palisade Wall |
| 15:22 | Build | Palisade Wall |
| 15:24 | Create | Villager (Male) |
| 15:24 | Create | Villager (Male) |
| 15:37 | Build | Farm |
| 15:38 | Create | Villager (Male) |
| 16:00 | Build | Building 490 |
| 16:02 | Build | House |
| 16:04 | Build | House |
| 16:05 | Build | House |
| 16:06 | Create | Villager (Male) |
| 16:06 | Create | Villager (Male) |
| 16:14 | Build | Farm |
| 16:46 | Research | Wheelbarrow |
| 16:52 | Build | Farm |
| 17:21 | Build | Farm |
| 17:57 | Build | Archery Range |
| 18:23 | Build | Watch Tower |
| 18:28 | Create | Villager (Male) |
| 18:36 | Research | Town Watch |
| 18:40 | Build | Lumber Camp |
| 18:44 | Create | Villager (Male) |
| 18:48 | Build | House |
| 19:13 | Create | Villager (Male) |
| 19:13 | Create | Villager (Male) |
| 19:26 | Create | Villager (Male) |
| 19:45 | Create | Villager (Male) |
| 19:45 | Create | Villager (Male) |
| 19:52 | Build | Market |
| 19:55 | Build | House |
| 19:56 | Create | Villager (Male) |
| 20:17 | Build | Building 490 |
| 20:20 | Build | House |
| 20:23 | Build | Palisade Wall |
| 20:24 | Build | Palisade Wall |
| 20:30 | Build | Farm |
| 20:40 | Research | Castle Age |
| 20:42 | Create | Villager (Male) |
| 21:11 | Build | Stable |
| 21:17 | Build | Farm |
| 21:20 | Research | Bloodlines |
| 21:36 | Research | Gold Mining |
| 21:54 | Research | Scale Barding Armor |
| 22:43 | Research | Forging |
| 22:56 | Create | Villager (Male) |
| 23:19 | Build | House |
| 23:36 | Age | Castle Age |
| 23:40 | Build | Town Center |
| 23:43 | Create | Camel Scout |
| 23:44 | Create | Camel Scout |
| 23:44 | Create | Camel Scout |
| 23:44 | Create | Camel Scout |
| 23:48 | Build | House |
| 23:49 | Create | Villager (Male) |
| 23:49 | Create | Villager (Male) |
| 23:52 | Create | Camel Scout |
| 24:13 | Build | Castle |
| 24:14 | Create | Villager (Male) |
| 24:15 | Create | Villager (Male) |
| 24:23 | Create | Camel Scout |
| 24:24 | Create | Camel Scout |
| 24:36 | Build | Farm |
| 24:37 | Build | Farm |
| 24:41 | Create | Villager (Male) |
| 24:42 | Create | Villager (Male) |
| 24:50 | Create | Camel Scout |
| 25:06 | Create | Villager (Male) |
| 25:06 | Create | Villager (Male) |
| 25:19 | Build | House |
| 25:20 | Create | Villager (Male) |
| 25:28 | Create | Camel Scout |
Build order — Citroen Jumpy 2.0hdi 94CH
First 150 of 319 actions detected
| 0:01 | Create | Villager (Male) |
| 0:01 | Create | Villager (Male) |
| 0:02 | Build | House |
| 0:04 | Build | House |
| 0:09 | Create | Villager (Male) |
| 0:10 | Create | Villager (Male) |
| 0:10 | Create | Villager (Male) |
| 1:31 | Create | Villager (Male) |
| 1:52 | Build | Lumber Camp |
| 1:56 | Create | Villager (Male) |
| 2:13 | Create | Villager (Male) |
| 2:47 | Create | Villager (Male) |
| 3:13 | Create | Villager (Male) |
| 3:45 | Build | House |
| 3:49 | Create | Villager (Male) |
| 4:19 | Create | Villager (Male) |
| 4:27 | Build | House |
| 4:29 | Build | Mill |
| 4:58 | Create | Villager (Male) |
| 4:58 | Create | Villager (Male) |
| 5:16 | Build | Palisade Wall |
| 5:33 | Build | Barracks |
| 5:44 | Create | Villager (Male) |
| 5:44 | Create | Villager (Male) |
| 6:12 | Build | Palisade Wall |
| 6:47 | Create | Villager (Male) |
| 7:02 | Create | Villager (Male) |
| 7:37 | Create | Villager (Male) |
| 7:42 | Create | Militia |
| 7:42 | Create | Militia |
| 7:42 | Create | Militia |
| 8:02 | Research | Feudal Age |
| 8:30 | Create | Militia |
| 8:31 | Create | Militia |
| 8:50 | Build | Mining Camp |
| 8:56 | Build | House |
| 9:00 | Build | Palisade Wall |
| 9:06 | Create | Militia |
| 9:06 | Create | Militia |
| 9:55 | Create | Villager (Male) |
| 9:55 | Create | Villager (Male) |
| 10:06 | Age | Feudal Age |
| 10:11 | Research | Man-at-Arms (upgrade) |
| 10:15 | Research | Double-Bit Axe |
| 10:21 | Build | Blacksmith |
| 10:30 | Build | Archery Range |
| 10:40 | Build | House |
| 10:42 | Build | Palisade Wall |
| 10:46 | Research | Loom |
| 10:46 | Create | Villager (Male) |
| 11:20 | Create | Villager (Male) |
| 11:33 | Create | Archer |
| 11:33 | Create | Archer |
| 11:39 | Build | Archery Range |
| 11:41 | Build | Palisade Wall |
| 11:45 | Create | Villager (Male) |
| 12:25 | Create | Villager (Male) |
| 12:28 | Create | Archer |
| 12:28 | Create | Archer |
| 12:30 | Build | Farm |
| 12:53 | Create | Archer |
| 12:54 | Create | Archer |
| 12:57 | Create | Skirmisher |
| 12:57 | Create | Skirmisher |
| 13:03 | Build | Farm |
| 13:05 | Build | Farm |
| 13:06 | Build | Farm |
| 13:20 | Build | House |
| 13:29 | Build | House |
| 13:37 | Create | Villager (Male) |
| 14:06 | Create | Skirmisher |
| 14:06 | Create | Skirmisher |
| 14:09 | Create | Villager (Male) |
| 14:13 | Build | Farm |
| 14:18 | Build | Farm |
| 14:18 | Build | Farm |
| 14:18 | Build | Farm |
| 14:28 | Build | House |
| 14:33 | Build | Palisade Wall |
| 14:37 | Create | Villager (Male) |
| 14:38 | Research | Town Watch |
| 14:43 | Build | Farm |
| 14:47 | Build | Farm |
| 15:12 | Build | Farm |
| 15:30 | Build | Farm |
| 15:40 | Create | Villager (Male) |
| 15:45 | Build | Blacksmith |
| 15:53 | Create | Villager (Male) |
| 16:16 | Build | Farm |
| 16:23 | Create | Villager (Male) |
| 17:01 | Create | Villager (Male) |
| 17:07 | Research | Fletching |
| 17:07 | Research | Padded Archer Armor |
| 17:12 | Build | Farm |
| 17:12 | Build | Farm |
| 17:14 | Create | Villager (Male) |
| 17:21 | Build | Market |
| 18:57 | Create | Villager (Male) |
| 19:26 | Create | Villager (Male) |
| 19:37 | Research | Castle Age |
| 20:29 | Create | Spearman |
| 20:43 | Create | Spearman |
| 20:48 | Build | Palisade Gate |
| 20:51 | Build | House |
| 20:56 | Build | Palisade Gate |
| 21:01 | Build | Stable |
| 21:47 | Build | Stable |
| 21:49 | Build | Palisade Wall |
| 21:52 | Build | Farm |
| 21:55 | Research | Scale Barding Armor |
| 21:55 | Research | Forging |
| 22:03 | Create | Skirmisher |
| 22:03 | Create | Skirmisher |
| 22:04 | Create | Skirmisher |
| 22:04 | Create | Skirmisher |
| 22:14 | Age | Castle Age |
| 22:16 | Build | Watch Tower |
| 22:26 | Build | Stone Wall |
| 22:39 | Research | Elite Skirmisher (upgrade) |
| 22:39 | Create | Skirmisher |
| 22:39 | Create | Skirmisher |
| 22:50 | Create | Villager (Male) |
| 22:50 | Create | Villager (Male) |
| 23:06 | Create | Knight |
| 23:06 | Create | Knight |
| 23:16 | Build | Lumber Camp |
| 23:41 | Build | Palisade Wall |
| 23:58 | Research | Husbandry |
| 24:12 | Research | Gold Mining |
| 24:21 | Create | Villager (Male) |
| 24:37 | Build | Farm |
| 24:39 | Build | Farm |
| 24:41 | Build | Farm |
| 24:49 | Build | Town Center |
| 24:51 | Create | Villager (Male) |
| 25:36 | Research | Bloodlines |
| 25:56 | Build | Lumber Camp |
| 26:05 | Create | Villager (Male) |
| 26:05 | Create | Villager (Male) |
| 26:15 | Create | Archer |
| 26:16 | Create | Archer |
| 26:17 | Create | Villager (Male) |
| 26:40 | Create | Villager (Male) |
| 26:40 | Create | Villager (Male) |
| 27:15 | Create | Villager (Male) |
| 27:18 | Build | Farm |
| 27:27 | Build | Farm |
| 27:28 | Research | Horse Collar |
| 27:49 | Create | Villager (Male) |
| 27:50 | Create | Villager (Male) |
Match timeline
| 5:16 | Citroen Jumpy 2.0hdi 94CH · wall_segment Palisade Wall x1 |
| 5:33 | Citroen Jumpy 2.0hdi 94CH · first_building Barracks |
| 5:44 | Tanguy la fouine · wall_segment Palisade Wall x1 |
| 6:12 | Citroen Jumpy 2.0hdi 94CH · wall_segment Palisade Wall x6 |
| 8:10 | Gros_fié_des_familles · first_building Barracks |
| 8:34 | For Ged's eyes only · first_building Barracks |
| 8:49 | Tanguy la fouine · first_building Barracks |
| 8:51 | Tanguy la fouine · wall_segment Palisade Wall x1 |
| 9:00 | Citroen Jumpy 2.0hdi 94CH · wall_segment Palisade Wall x8 |
| 9:18 | Gros_fié_des_familles · age_up feudal |
| 9:31 | Gros_fié_des_familles · first_building Stable |
| 9:41 | Tanguy la fouine · age_up feudal |
| 9:51 | For Ged's eyes only · age_up feudal |
| 9:52 | Tanguy la fouine · first_building Stable |
| 10:03 | For Ged's eyes only · first_building Archery Range |
| 10:06 | Citroen Jumpy 2.0hdi 94CH · age_up feudal |
| 10:29 | Gros_fié_des_familles · first_building Archery Range |
| 10:30 | Citroen Jumpy 2.0hdi 94CH · first_building Archery Range |
| 10:42 | Citroen Jumpy 2.0hdi 94CH · wall_segment Palisade Wall x1 |
| 11:00 | Tanguy la fouine · wall_segment Palisade Wall x11 |
| 11:11 | Tanguy la fouine · wall_segment Palisade Wall x7 |
| 11:19 | For Ged's eyes only · wall_segment Stone Wall x1 |
| 11:41 | Citroen Jumpy 2.0hdi 94CH · wall_segment Palisade Wall x1 |
| 14:33 | Citroen Jumpy 2.0hdi 94CH · wall_segment Palisade Wall x10 |
| 15:19 | Tanguy la fouine · wall_segment Palisade Wall x1 |
| 15:20 | Tanguy la fouine · wall_segment Palisade Wall x1 |
| 15:22 | Tanguy la fouine · wall_segment Palisade Wall x5 |
| 17:48 | For Ged's eyes only · first_market_buy 100 wood |
| 17:57 | Tanguy la fouine · first_building Archery Range |
| 19:35 | Citroen Jumpy 2.0hdi 94CH · first_market_buy 100 food |
| 20:18 | Gros_fié_des_familles · age_up castle |
| 20:23 | Tanguy la fouine · wall_segment Palisade Wall x1 |
| 20:24 | Tanguy la fouine · wall_segment Palisade Wall x1 |
| 20:35 | Gros_fié_des_familles · wall_segment Palisade Wall x1 |
| 21:01 | Citroen Jumpy 2.0hdi 94CH · first_building Stable |
| 21:49 | Citroen Jumpy 2.0hdi 94CH · wall_segment Palisade Wall x1 |
| 21:50 | Tanguy la fouine · first_market_sell 100 stone |
| 21:51 | Tanguy la fouine · first_market_buy 100 food |
| 22:14 | Citroen Jumpy 2.0hdi 94CH · age_up castle |
| 22:26 | Citroen Jumpy 2.0hdi 94CH · wall_segment Stone Wall x12 |
| 23:36 | Tanguy la fouine · age_up castle |
| 23:41 | Citroen Jumpy 2.0hdi 94CH · wall_segment Palisade Wall x1 |
| 24:01 | For Ged's eyes only · wall_segment Stone Wall x1 |
| 24:13 | Tanguy la fouine · first_building Castle |
| 25:03 | For Ged's eyes only · wall_segment Stone Wall x1 |
| 25:52 | For Ged's eyes only · first_building Stable |
| 28:23 | For Ged's eyes only · age_up castle |
| 29:08 | Citroen Jumpy 2.0hdi 94CH · first_building Monastery |
| 30:05 | For Ged's eyes only · wall_segment Stone Wall x1 |
| 31:08 | For Ged's eyes only · wall_segment Stone Wall x4 |
| 31:26 | Citroen Jumpy 2.0hdi 94CH · wall_segment Stone Wall x12 |
| 32:13 | Tanguy la fouine · first_building Monastery |
| 32:32 | Citroen Jumpy 2.0hdi 94CH · wall_segment Palisade Wall x1 |
| 33:27 | Gros_fié_des_familles · first_building Siege Workshop |
| 33:48 | Gros_fié_des_familles · first_building Monastery |
| 34:42 | For Ged's eyes only · first_building Monastery |
| 34:52 | Gros_fié_des_familles · first_building Castle |
| 37:29 | Gros_fié_des_familles · age_up imperial |
| 37:39 | Citroen Jumpy 2.0hdi 94CH · wall_segment Stone Wall x11 |
| 38:08 | Tanguy la fouine · age_up imperial |
| 38:29 | Citroen Jumpy 2.0hdi 94CH · first_building Castle |
| 39:08 | For Ged's eyes only · first_building Castle |
| 42:42 | Gros_fié_des_familles · resign |
| 43:53 | Citroen Jumpy 2.0hdi 94CH · age_up imperial |
[ AI ANALYSIS · 1 CREDIT ]
What really happened in this match?
Wolo.gg analyzes every decision: build order, eco, micro, common mistakes by bracket. Personalized analysis on WhatsApp or Discord in 30 seconds.
Civ guide
Saracens
Map guide
Arabia
Perfil
Jugador #2736710